 Dungeon Crawl Stone Soup version 0.21.1-1-g345015fe64 (webtiles) character file.

184 Goboxel the Firebug (level 5, -8/35 HPs)
             Began as a Human Fire Elementalist on July 8, 2018.
             Was an Initiate of the Shining One.
             Killed from afar by patthesweetcat's ghost (12 damage)
             ... with a puff of flame
             ... on level 3 of the Dungeon.
             The game lasted 00:09:08 (3708 turns).

Goboxel the Firebug (Human Fire Elementalist)       Turns: 3708, Time: 00:09:08

Health: -8/35      AC:  3    Str:  8    XL:     5   Next: 95%
Magic:  9/10       EV: 13    Int: 16    God:    the Shining One [......]
Gold:   117        SH:  3    Dex: 16    Spells: 4/10 levels left

rFire    . . .     SeeInvis .   o - +0 falchion
rCold    . . .     Gourm    .   (no shield)
rNeg     . . .     Faith    .   a - +0 robe
rPois    .         Spirit   .   (no helmet)
rElec    .         Reflect  +   (no cloak)
rCorr    .         Harm     .   p - +0 pair of gloves (curse)
MR       .....                  (no boots)
Stlth    +.........             l - +3 amulet of reflection
HPRegen  0.11/turn              (no ring)
MPRegen  0.12/turn              (no ring)

@: glowing
A: claws 1, agile 1, screaming 1
a: Renounce Religion


You were on level 3 of the Dungeon.
You worshipped the Shining One.
The Shining One was noncommittal.
You were near starving.

You visited 1 branch of the dungeon, and saw 4 of its levels.

You collected 117 gold pieces.

Inventory:

Hand Weapons
 o - a +0 falchion (weapon)
Armour
 a - a +0 robe (worn)
 p - a cursed +0 pair of gloves (worn)
Jewellery
 l - a +3 amulet of reflection (around neck)
Wands
 i - a wand of iceblast (12)
Scrolls
 d - 2 scrolls of remove curse {unknown}
 e - a scroll of magic mapping {unknown}
 f - a scroll of identify {unknown}
 g - 2 scrolls of immolation {unknown}
 j - a scroll of enchant weapon {unknown}
 k - a scroll of fear {unknown}
 n - a scroll of amnesia
Potions
 h - a potion of heal wounds {unknown}
 m - a potion of brilliance
 q - a potion of haste
Books
 b - a book of Flames

   Spells                             Type                      Level
   a - Flame Tongue                   Conjuration/Fire             1
   b - Throw Flame                    Conjuration/Fire             2
   c - Conjure Flame                  Conjuration/Fire             3
   d - Inner Flame                    Hexes/Fire                   3
   e - Sticky Flame                   Conjuration/Fire             4
   f - Fireball                       Conjuration/Fire             5
Comestibles
 c - 4 rations
 r - a chunk of flesh


   Skills:
 - Level 2.0 Dodging
 - Level 2.0 Stealth
 + Level 3.4 Spellcasting
 + Level 3.1 Conjurations
 + Level 4.2 Fire Magic


You had 4 spell levels left.
You knew the following spells:

 Your Spells              Type           Power        Failure   Level  Hunger
a - Flame Tongue          Conj/Fire      ##...        4%          1    None
b - Throw Flame           Conj/Fire      ##....       6%          2    ##.....
c - Conjure Flame         Conj/Fire      ##......     12%         3    ###....


Dungeon Overview and Level Annotations

Branches:
Dungeon (4/15)             Temple (0/1) D:4

Altars:
Fedhas
Trog
Xom
Zin
The Shining One

Annotations:
D:3 patthesweetcat's ghost, amateur OpFE


Innate Abilities, Weirdness & Mutations

You have sharp fingernails.
You are agile. (Dex +2)
You occasionally shout uncontrollably at your foes.


Message History

Aiming: Flame Tongue
Press: ? - help, Shift-Dir - straight line, f/p - patthesweetcat's ghost
Aim: patthesweetcat's ghost (lightly damaged, haloed)
The flame tongue hits patthesweetcat's ghost.
Patthesweetcat's ghost is moderately damaged.
Patthesweetcat's ghost stares at you and mumbles some strange words.
The puff of flame hits you!
* * * LOW HITPOINT WARNING * * *
Patthesweetcat's ghost completely misses you.
You riposte.
You hit patthesweetcat's ghost.
Patthesweetcat's ghost is heavily damaged.
Patthesweetcat's ghost casts a spell at you.
The puff of flame hits you!
* * * LOW HITPOINT WARNING * * *
Casting: Flame Tongue
Confirm with . or Enter, or press ? or * to list all spells.
Okay, then.
Patthesweetcat's ghost casts a spell at you.
The puff of flame hits you!
You die...

#.#.#.####.(.#.#####....
#............#.......#.#
...#.##.###...#######.#..
##.#. #.###...# #.##.
.... #g#.....# #.. .
#W#.#...# ####. #.#.##.##
#......# #.@....# ###
#######.#>##.#########.##
#.......#.##.##.........#
#.#........#.##.######.##
#.##.##.#.......# #.#
###.##.##.#....#### #.#
#..............# #.#
#.#.##.##.####.### ###.##
#.#.......##.....# #.....


You could see patthesweetcat's ghost and a goblin.

Vanquished Creatures
  A scorpion (D:4)
  6 adders
  3 worms
  A dart slug (D:2)
  A leopard gecko (D:2)
  An orc (D:3)
  A ball python (D:3)
  8 bats
  2 giant cockroaches
  11 goblins
  11 hobgoblins
  4 jackals (D:2)
  4 kobolds
  A quokka (D:3)
  9 frilled lizards
  6 rats
70 creatures vanquished.

Notes
Turn   | Place    | Note
-------+----------+-------------------------------------------
     0 | D:1      | Goboxel the Human Fire Elementalist began the quest for the Orb.
     0 | D:1      | Reached XP level 1. HP: 13/13 MP: 3/3
   191 | D:1      | Reached XP level 2. HP: 19/19 MP: 1/5
   829 | D:1      | Reached XP level 3. HP: 21/24 MP: 3/6
  1644 | D:2      | Reached XP level 4. HP: 11/30 MP: 1/8
  1870 | D:2      | Found a shimmering altar of Xom.
  1870 | D:2      | Found a glowing silver altar of Zin.
  1918 | D:2      | Found a glowing golden altar of the Shining One.
  1933 | D:2      | Found a blossoming altar of Fedhas.
  1937 | D:2      | Became a worshipper of the Shining One
  2119 | D:2      | Noticed a moth of wrath
  2122 | D:2      | Found a bloodstained altar of Trog.
  2334 | D:2      | Learned a level 2 spell: Throw Flame
  2735 | D:3      | Noticed patthesweetcat's ghost (amateur OpFE)
  2845 | D:3      | Reached XP level 5. HP: 26/35 MP: 5/9
  2940 | D:4      | Learned a level 3 spell: Conjure Flame
  3059 | D:4      | Reached skill level 4 in Fire Magic
  3072 | D:4      | Gained mutation: You are agile. (Dex +2) [potion of mutation]
  3072 | D:4      | Gained mutation: You occasionally shout uncontrollably at your foes. [potion of mutation]
  3072 | D:4      | Gained mutation: You have sharp fingernails. [potion of mutation]
  3084 | D:4      | HP: 1/35 [poisoned by an adder]
  3089 | D:4      | HP: 1/35 [poisoned by an adder]
  3517 | D:4      | Found a staircase to the Ecumenical Temple.
  3519 | D:4      | Noticed an ogre
  3599 | D:4      | Noticed a two-headed ogre
  3708 | D:3      | Killed from afar by patthesweetcat's ghost

Skill      XL: |  1  2  3  4  5 |
---------------+----------------+-----
Conjurations   | 2 3 |  3.1
Spellcasting   | 3 |  3.4
Fire Magic     | 4 |  4.2
Dodging        | |  2.0
Stealth        | |  2.0

Action                   |  1- 3 |  4- 6 || total
-------------------------+-------+-------++-------
Melee: Dagger            |    57 |    25 ||    82
       Falchion          |       |    36 ||    36
 Cast: Flame Tongue      |    57 |    53 ||   110
       Conjure Flame     |       |     2 ||     2
  Use: Scroll            |       |     4 ||     4
       Potion            |       |     6 ||     6
  Eat: Chunk             |     3 |     5 ||     8
Armor: Robe              |    19 |    21 ||    40
Dodge: Dodged            |    72 |    62 ||   134
Block: Other             |     3 |    13 ||    16
       Reflection        |       |     1 ||     1
       Rpst.: Falchion   |       |    14 ||    14
